 Dungeon Crawl Stone Soup version 0.17-a0-1887-g3e50df6 (webtiles) character file.

5667 shakdrar the Spear-Bearer (level 11, -1/89 HPs)
             Began as a Formicid Fighter on Sept 23, 2015.
             Was a Believer of Ashenzari.
             Slain by a centaur warrior (5 damage)
             ... on level 10 of the Dungeon.
             The game lasted 00:50:49 (10659 turns).

shakdrar the Spear-Bearer (Formicid Fighter)       Turns: 10659, Time: 00:50:49

Health: -1/89      AC: 12    Str: 24    XL:     11   Next: 4%
Magic:  12/12      EV:  8    Int:  8    God:    Ashenzari [**....]
Gold:   381        SH: 12    Dex: 10    Spells: 0 memorised, 10 levels left

rFire  . . .     SeeInvis +     a - +1 trident
rCold  . . .     Clarity  +     j - +0 chain mail
rNeg   . . .     SustAt   .     c - +0 shield
rPois  .         Gourm    .     (helmet unavailable)
rElec  .         Spirit   .     k - +0 cloak
rCorr  .         Warding  .     (no gloves)
rMut   .         Stasis   +     (no boots)
MR     +....                    e - amulet of clarity
Stlth  ..........               (no ring)
                                (no ring)

@: somewhat resistant to hostile enchantments, extremely unstealthy
A: permanent stasis, dig shafts and tunnels, four strong arms, antennae 3
a: Dig, Shaft Self, Scrying, Renounce Religion


You were on level 10 of the Dungeon.
You worshipped Ashenzari.
Ashenzari was pleased with you.
You were hungry.

You visited 2 branches of the dungeon, and saw 11 of its levels.

You collected 409 gold pieces.
You spent 28 gold pieces at shops.

Inventory:

Hand weapons
 a - a +1 trident (weapon)
 u - the +8 hunting sling of Jiphexku {speed, +Inv MR+}
   (You found it on level 7 of the Dungeon)

   Attacks with this weapon are significantly faster.
   It affects your resistance to hostile enchantments.
   It lets you turn invisible.
Missiles
 g - 36 poisoned needles
Armour
 c - a +0 shield (worn)
 i - a +0 plate armour
 j - a +0 chain mail (worn)
 k - a +0 cloak (worn)
Jewellery
 e - an amulet of clarity (around neck)
 A - an uncursed amulet of faith
Magical devices
 b - a wand of digging (11)
 d - a wand of flame (48)
 w - a wand of disintegration (13)
 y - a wand of flame (32)
 E - a wand of fireball (3)
Scrolls
 m - 5 scrolls of remove curse
 o - 4 scrolls of amnesia
 q - a scroll of magic mapping
 s - 3 scrolls of fog
 B - a scroll of recharging
Potions
 l - 2 potions of magic
 n - 4 potions of flight
 p - a potion of agility
 C - 5 potions of curing
Books
 x - a book of Power

   Spells                             Type                      Level
   a - Fulminant Prism                Conjuration/Hexes            4
   b - Iskenderun's Mystic Blast      Conjuration                  4
   c - Venom Bolt                     Conjuration/Poison           5
   d - Bolt of Magma                  Conjuration/Fire/Earth       5
   e - Iron Shot                      Conjuration/Earth            6
   f - Orb of Destruction             Conjuration                  7
   g - Spellforged Servitor           Conjuration/Summoning        7
Comestibles
 f - 5 meat rations
 h - 6 bread rations
 r - a royal jelly
 t - 7 beef jerkies
 v - 5 chunks of flesh


   Skills:
 - Level 9.0 Fighting
 + Level 9.8 Polearms
 - Level 8.1 Armour
 - Level 9.2 Shields
 * Level 1.9 Evocations


You had 10 spell levels left.
You didn't know any spells.

Dungeon Overview and Level Annotations

Branches:
Dungeon (10/15)            Temple (1/1) D:6
   Lair: D:8-11         Orc: D:9-12

Altars:
Ashenzari
Cheibriados
Dithmenos
Elyvilon
Fedhas
Makhleb
Okawaru
Qazlal
Ru
Trog
Xom
Zin
The Shining One

Shops:
D:4 *   D:7 :(

Annotations:
D:8 Maurice


Innate Abilities, Weirdness & Mutations

You are under a permanent stasis effect.
You can dig through walls and to a lower floor.
Your four strong arms can wield two-handed weapons with a shield.
You have a pair of large antennae on your head (SInv).


Message History

The centaur warrior hits you but does no damage.
The orc wizard shouts!
You puncture the centaur warrior!
The centaur warrior is heavily wounded.
The centaur warrior hits you but does no damage.
An orc wizard comes into view. It is wielding a dagger.
You completely miss the centaur warrior.
The centaur warrior is heavily wounded.
The orc wizard shouts!
The centaur warrior hits you but does no damage.
You hit the centaur warrior.
The centaur warrior is heavily wounded.
You block the centaur warrior's attack. The centaur warrior hits you!
* * * LOW HITPOINT WARNING * * *
An orc comes into view.
You puncture the centaur warrior!
The centaur warrior is severely wounded.
The orc wizard casts a spell at you. The puff of flame hits you!
The centaur warrior hits you.
You die...

* ##...######## * * ,,###'##
#...# , , ,, ,,#....# #.#.. ,
,,+....####.### , , .. ,
###+###.....>.#....
..o#+###........(....##### *
*.....o.................# +
...............##'#....# ,
....o...)@....#..#....# * *
........#c#####..#....#
.###+#..(..#(.......#....# *
,
.....#.....'........+.....#**
.........o(###'####+#..PP.P *
+ #...................,, ,
#......##..........P ,
,#....(...c........P. , , , ,
.....###..............


You could see a centaur warrior, 2 orc wizards and an orc.

Vanquished Creatures
  The ghost of George the Carver, an experienced DsGl of Okawaru (D:8)
  A two-headed ogre (D:9)
  2 hippogriffs
  A hungry ghost (D:8)
  A water moccasin (D:6)
  An orc warrior (D:6)
  3 ice beasts
  7 centaurs
  2 black bears
  3 sky beasts
  4 phantoms
  7 ogres
  5 giant frogs
  A scorpion (D:5)
  9 killer bees
  2 water moccasin skeletons
  A centaur zombie (D:9)
  4 crimson imps
  4 orc priests
  A jelly (D:5)
  2 giant frog skeletons
  An iguana (D:5)
  A quasit (D:8)
  A centaur skeleton (D:10)
  6 hounds
  Terence (D:2)
  4 orc wizards
  2 killer bee zombies
  5 worker ants
  2 hound skeletons
  A hound zombie (D:9)
  17 adders
  A shadow imp (D:7)
  An ooze (D:2)
  2 adder skeletons
  4 worms
  7 giant geckos
  18 orcs
  7 giant cockroaches
  6 goblins
  10 hobgoblins
  8 jackals
  6 kobolds
  7 quokkas
  A ball python (D:4)
  7 bats
  10 giant newts
  A jackal skeleton (D:8)
  A quokka skeleton (D:8)
  6 rats
206 creatures vanquished.

Notes
Turn   | Place    | Note
--------------------------------------------------------------
     0 | D:1      | shakdrar the Formicid Fighter began the quest for the Orb.
     0 | D:1      | Reached XP level 1. HP: 18/18 MP: 1/1
    95 | D:1      | Reached XP level 2. HP: 20/24 MP: 2/2
   446 | D:1      | Reached XP level 3. HP: 28/30 MP: 3/3
   822 | D:2      | Reached skill level 4 in Shields
  1085 | D:2      | Noticed Terence
  1121 | D:2      | Killed Terence
  1121 | D:2      | Reached XP level 4. HP: 6/37 MP: 4/4
  2100 | D:2      | Reached XP level 5. HP: 41/43 MP: 5/5
  2360 | D:2      | Found a bloodstained altar of Trog.
  3159 | D:4      | Noticed an ogre
  3214 | D:4      | Noticed a sky beast
  3227 | D:4      | Killed a sky beast
  3227 | D:4      | Reached skill level 5 in Fighting
  3227 | D:4      | Reached XP level 6. HP: 35/51 MP: 6/6
  3414 | D:4      | Found a blossoming altar of Fedhas.
  3433 | D:4      | Killed an ogre
  3464 | D:4      | Reached skill level 5 in Shields
  3464 | D:4      | Reached XP level 7. HP: 45/56 MP: 7/7
  3465 | D:4      | Found a glowing silver altar of Zin.
  3469 | D:4      | Found a burning altar of Makhleb.
  3477 | D:4      | Found a shattered altar of Ashenzari.
  3478 | D:4      | Found a shimmering altar of Xom.
  3478 | D:4      | Found a white marble altar of Elyvilon.
  3478 | D:4      | Found a sacrificial altar of Ru.
  3478 | D:4      | Found an iron altar of Okawaru.
  3484 | D:4      | Became a worshipper of Ashenzari the Shackled
  3548 | D:4      | Noticed an ogre
  3565 | D:4      | Killed an ogre
  3746 | D:4      | Found Baxkutt's General Store.
  3750 | D:4      | Bought a scroll of fog for 28 gold pieces
  3788 | D:4      | Noticed an ogre
  3803 | D:4      | Killed an ogre
  3935 | D:4      | Reached skill level 6 in Fighting
  4488 | D:5      | Entered Level 5 of the Dungeon
  4530 | D:5      | Reached skill level 5 in Polearms
  4530 | D:5      | Reached XP level 8. HP: 63/65 MP: 8/8
  4890 | D:5      | Reached skill level 5 in Armour
  5515 | D:6      | Reached XP level 9. HP: 61/71 MP: 9/9
  5598 | D:6      | Reached skill level 7 in Fighting
  6253 | D:6      | Found a glowing golden altar of the Shining One.
  6670 | D:6      | Found a staircase to the Ecumenical Temple.
  6894 | Temple   | Entered the Ecumenical Temple
  6894 | Temple   | Acquired Ashenzari's first power
  6951 | D:7      | Found Qeem's Book Shop.
  7258 | D:7      | Reached skill level 8 in Polearms
  7366 | D:7      | Reached XP level 10. HP: 59/80 MP: 10/10
  7459 | D:7      | Found Noric's Weapon Boutique.
  7486 | D:7      | Got the hunting sling of Jiphexku {speed, +Inv MR+}
  7599 | D:8      | Noticed George's ghost (experienced DsGl)
  7685 | D:8      | Killed George's ghost
  7958 | D:8      | Found a snail-covered altar of Cheibriados.
  8414 | D:8      | Reached skill level 9 in Polearms
  9196 | D:8      | Noticed Maurice
 10409 | D:10     | Entered Level 10 of the Dungeon
 10431 | D:10     | Reached XP level 11. HP: 84/89 MP: 11/11
 10435 | D:10     | Reached skill level 1 in Evocations
 10483 | D:10     | Acquired Ashenzari's second power
 10615 | D:10     | Noticed a centaur warrior
 10658 | D:10     | HP: 4/89 [centaur warrior (9)]
 10659 | D:10     | Slain by a centaur warrior

Vault maps used:
D:1:      sevenhm_arrival_forest_fort_small_4, serial_glass, glass_columns_a,
          glass_columns_c, glass_columns_a, glass_columns_b, glass_columns_a,
          glass_columns_b
D:2:      lightli_temple_of_fire, minmay_lizard_king, uniq_terence
D:3:      first_bread, minmay_tree_intersection, minmay_misc_feat_iff
D:4:      grunt_temple_overflow_open, fedhas_altar_4, serial_shops, shop_statue
D:5:      grunt_ministairs_6, minmay_misc_feat_hallway
D:6:      tso_oasis_becter, minmay_temple_entry_mist
D:7:      serial_shops, shop_statue, shop
D:8:      cheibrodos_worm_habitat, st_stairs_4, grunt_ogre_cave, uniq_maurice
D:10:     hangedman_cross_stitches, due_lair_maze_entry_diamond,
          patterned_corridor
Temple:   circular_temple_pool_8

Action                   |  1- 3 |  4- 6 |  7- 9 | 10-12 || total
-------------------------+-------+-------+-------+-------++-------
Melee: Trident           |   177 |   175 |   446 |   452 ||  1250
 Abil: Dig               |       |       |       |     3 ||     3
Evoke: Wand              |       |       |       |     2 ||     2
  Use: Scroll            |     3 |     4 |    10 |     2 ||    19
       Potion            |       |     4 |     1 |     4 ||     9
  Eat: Chunk             |     1 |     3 |    13 |     5 ||    22
       Bread ration      |     1 |       |       |       ||     1
       Meat ration       |       |       |       |     1 ||     1
       Beef jerky        |       |       |       |     1 ||     1
